Unix NetHack Version 5.0.0-0 post-release - last build Jul 19 2026 19:10:59 (3aa4ab31751d3886436d94b585a96704892fd477,branch:main).

Game began 2026-07-22 15:12:08, ended 2026-07-22 17:46:17.

Barrb, neutral female human Barbarian

                           ----
        ----               |..|
        |..|               |..|
 --------.^------          --.|
 |..............--         --.|
 |...---..-----..-----    --[[-
 |-..| |...|  --.....---- |<)-..
 |...| --..--  --...^...---.....
 |.-.|   -..--  ...........+...
  -..|    -.....>.............
  --.|    |.............  ...
   |.--   --..........
   |).|    ---.......----
   --.|       -..........         ..U
 ---|.| --    |...----.-.        -.@.
--..|.--.--   |...|  |....'.     |.[.
|.........--- --*.|   -........- -.%-
|...........|   ---    ---.........*|
---...---.|.|            -----......|
  -----   ---                 -.|.---
                              -----
Barrb the Bandit           St:18/09 Dx:15 Co:18 In:8 Wi:6 Ch:6  Neutral
Dlvl:8  $:654 HP:0(74) Pw:24(24) AC:0  Xp:7 T:5750  Burdened Conf

Latest messages:
 X - an uncursed tin of soup made from fox meat.
 Z - a blessed wand of digging (0:4).
 The housecat bites the Uruk-hai.
 The Uruk-hai thrusts his orcish short sword at the housecat.
 The Uruk-hai misses the housecat.
 You hear a clank.
 You smite the Uruk-hai!
 The Uruk-hai thrusts his orcish short sword.
 The Uruk-hai hits!
 The housecat bites the Uruk-hai.
 The Uruk-hai thrusts his orcish short sword at the housecat.
 The Uruk-hai misses the housecat.
 You smite the Uruk-hai!
 The housecat bites the Uruk-hai.
 The Uruk-hai is killed!
 In what direction? <enter>
 What do you want to put on? [jwU or ?*] U
 U - an uncursed amulet of reflection (being worn).
 What do you want to wield? [- abrJ or ?*] b
 b - a +0 axe (weapon in right hand).
 a - a very rusty +0 two-handed sword (alternate weapon; not wielded).
 Suddenly, the brown pudding falls into a hole.
 What do you want to wield? [- abrJ or ?*] b
 You are already wielding that!
 What do you want to put on? [jw or ?*] w
 Which ring-finger, Right or Left? [rl] r
 w - an uncursed ring of free action (on right hand).
 You drop an uncursed worthless piece of green glass.
 You drop 2 uncursed worthless pieces of orange glass.
 You drop an uncursed worthless piece of violet glass.
 You drop an uncursed worthless piece of yellow glass.
 You smite the umber hulk!
 The umber hulk hits!
 The umber hulk hits again!
 The umber hulk bites!
 You miss the umber hulk.
 The umber hulk just misses!
 The umber hulk hits!
 The umber hulk bites!
 The umber hulk's gaze confuses you!
 You miss the umber hulk.
 The umber hulk hits!
 The umber hulk misses!
 The umber hulk bites!
 You smite the umber hulk!
 The umber hulk hits!
 The umber hulk misses!
 The umber hulk bites!
 You die...
 Do you want your possessions identified? [ynq] (y) q

Inventory:
 Coins    ('$')
  $ - 654 gold pieces
 Amulets  ('"')
  U - an uncursed amulet of reflection (being worn)
 Weapons  (')')
  r - 15 +0 darts
  b - a +0 axe (weapon in right hand)
  a - a very rusty +0 two-handed sword (alternate weapon; not wielded)
 Armor    ('[')
  V - an uncursed +0 dwarvish iron helm (being worn)
  C - an uncursed +0 pair of iron shoes (being worn)
  T - an uncursed +0 dwarvish cloak (being worn)
  W - an uncursed +0 dwarvish mithril-coat (being worn)
 Comestibles  ('%')
  z - an uncursed cream pie
  P - 4 uncursed food rations
  u - 3 uncursed tripe rations
  X - an uncursed tin of soup made from fox meat
 Scrolls  ('?')
  m - an uncursed scroll of amnesia
  q - an uncursed scroll of confuse monster
  g - 2 uncursed scrolls of create monster
  c - a cursed scroll of create monster
  F - an uncursed scroll of enchant weapon
  M - an uncursed scroll of fire
  O - 2 uncursed scrolls of remove curse
  t - 2 blessed scrolls of teleportation
  p - 2 uncursed scrolls of teleportation
 Potions  ('!')
  y - 2 uncursed potions of healing
  S - a blessed potion of levitation
  Y - a blessed potion of paralysis
  G - an uncursed potion of speed
  v - a potion of holy water
 Rings    ('=')
  w - an uncursed ring of free action (on right hand)
 Wands    ('/')
  s - a blessed wand of digging (0:4)
  Z - a blessed wand of digging (0:4)
  f - a wand of digging (0:3)
  d - a wand of light (0:12)
  E - a wand of striking (0:5)
  B - a wand of teleportation (0:6)
 Tools    ('(')
  R - an uncursed lock pick
  e - an uncursed oil lamp
  J - a +0 pick-axe
  Q - a tinning kit (0:49)
  j - an uncursed towel
 Gems/Stones  ('*')
  k - an uncursed citrine stone
  n - an uncursed diamond
  h - 2 cursed obsidian stones

Barrb the Barbarian's attributes:

Background:
 You were a Bandit, a level 7 female human Barbarian.
 You were neutral, on a mission for Crom
 who was opposed by Mitra (lawful) and Set (chaotic).
 You were right-handed.
 You were in the Gnomish Mines, on level 8.
 You entered the dungeon 5750 turns ago.
 You had 1247 experience points, 33 more were needed to attain level 8.

Basics:
 You had 0 out of 74 hit points.
 You had all 24 energy points (spell power).
 Your armor class was 0.
 Your wallet contained 654 zorkmids.
 Autopickup was off.

Final Characteristics:
 Your strength was 18/09 (limit:18/100).
 Your dexterity was 15 (limit:18).
 Your constitution was 18 (limit:18).
 Your intelligence was 8 (limit:18).
 Your wisdom was 6 (peak:7, limit:18).
 Your charisma was 6 (limit:18).

Final Status:
 You were confused.
 You weren't hungry.
 You were burdened; movement was slightly slowed.
 You were wielding an axe.
 You had basic skill with axe.

Final Attributes:
 You were piously aligned.
 Your items were somewhat protected from fire.
 Your items were somewhat protected from cold.
 You were poison resistant.
 You were telepathic.
 You were guarded.
 You were fast.
 You had reflection.
 You had free action.
 You were lucky.
 You are dead.

Miscellaneous:
 You didn't encounter any bones levels.
 Total elapsed playing time was 1 hour, 49 minutes and 1 second.

Major events:
 Turn
    1: Barrb the neutral female human Barbarian entered the dungeon
  621: attained the rank of Pillager (level 3)
 2089: entered the Gnomish Mines
 3502: attained the rank of Bandit (level 6)
 4503: reached Mine Town
 5750: killed by an umber hulk

You didn't know any spells.

Skills:
 Fighting Skills
   bare handed combat [Basic]
   two weapon combat  [Unskilled]
   riding             [Unskilled]
 Weapon Skills
   dagger             [Unskilled]
   axe                [Basic]
   pick-axe           [Unskilled]
   short sword        [Unskilled]
   broadsword         [Unskilled]
   long sword         [Unskilled]
   two-handed sword   [Skilled]
   saber              [Unskilled]
   club               [Unskilled]
   mace               [Unskilled]
   morning star       [Unskilled]
   flail              [Unskilled]
   hammer             [Unskilled]
   quarterstaff       [Unskilled]
   spear              [Unskilled]
   trident            [Unskilled]
   bow                [Unskilled]
 Spellcasting Skills
   attack spells      [Unskilled]
   escape spells      [Unskilled]

Voluntary challenges:
 Character rerolling was not enabled.
 You never genocided any monsters.
 You never polymorphed an object.
 You never changed form.
 You used no wishes.
Achievements:
 You entered a shop.
 You attained the rank of Pillager.
 You entered the Gnomish Mines.
 You attained the rank of Bandit.
 You entered Minetown.
 You entered a temple.

 The Dungeons of Doom: levels 1 to 6
    Level 1:
       A fountain.
    Level 2:
       A general store, some fountains.
    Level 3:
       A food shop.
    Level 4:
       Stairs down to The Gnomish Mines.
    Level 5:
       Many fountains.
    Level 6:
       A fountain.
 The Gnomish Mines: levels 5 to 8
    Level 5:
    Level 6:
    Level 7:
       Many shops, a temple and an altar, some fountains.
    Level 8: <- You were here.
       Final resting place for
          you, killed by an umber hulk.


Vanquished creatures:
  3 small mimics
  a giant beetle
  a quivering blob
  a leprechaun
 an iron piercer
  a vampire bat
  a lizard
  a dingo
  2 jaguars
  a raven
  2 fire ants
  a wood nymph
  a Mordor orc
 an Uruk-hai
  a rock piercer
  a pony
  a fog cloud
  2 yellow lights
  8 gnome leaders
  3 gnomish wizards
  2 giant ants
  a little dog
  a floating eye
  a kitten
  9 dwarves
  a homunculus
  a kobold shaman
  2 hill orcs
  a rabid rat
  3 giant bats
  a wererat
  a werejackal
  5 iguanas
  2 acid blobs
  2 coyotes
  2 hobbits
  a large kobold
  2 hobgoblins
  2 giant rats
  2 brown molds
  a yellow mold
  a red mold
 25 gnomes
  6 garter snakes
  a gnome zombie
  5 geckos
  7 jackals
  a kobold
  3 goblins
  8 grid bugs
  a bat
  6 lichens
  a kobold zombie
  8 newts
150 creatures vanquished.

No species were genocided or became extinct.

Game over:
                       ----------
                      /          \
                     /    REST    \
                    /      IN      \
                   /     PEACE      \
                  /                  \
                  |      Barrb       |
                  |      654 Au      |
                  |   killed by an   |
                  |    umber hulk    |
                  |                  |
                  |                  |
                  |       2026       |
                 *|     *  *  *      | *
        _________)/\\_//(\/(/\)/\//\/|_)_______

Goodbye Barrb the Barbarian...

You died in The Gnomish Mines on dungeon level 8 with 5997 points,
and 654 pieces of gold, after 5750 moves.
You were level 7 with a maximum of 74 hit points when you died.

